[Event "Titled Tuesday Blitz July 18 Late 2023"]
[White "Rasulov, Vugar"]
[Black "Xiong, Jeffery"]
[WhiteFideId "13402390"]
[BlackFideId "2047640"]
[WhiteElo "2896"]
[BlackElo "2996"]
[Result "0-1"]
[Round "11"]
[TimeControl "180+2"]
[Date "2023.07.18"]
[WhiteClock "0:00:00"]
[BlackClock "0:01:03"]
[Board "2"]

1. Nf3 c5 2. c4 Nf6 3. g3 Nc6 4. Bg2 d5 5. cxd5 Nxd5 6. O-O e5 7. Nc3 Nc7 8. b3 Be7 9. Bb2 O-O 10. Rc1 f6 11. a3 Be6 12. d3 Qd7 13. Ne4 b6 14. Nfd2 Rac8 15. b4 f5 16. Nc3 cxb4 17. axb4 Nxb4 18. Nf3 Bf6 19. Ba3 a5 20. Na4 Qb5 21. Nc3 Qd7 22. Na4 Rb8 23. d4 exd4 24. Nb2 Nb5 25. Bxb4 axb4 26. Nd3 Nc3 27. Qd2 b3 28. Nde5 Bxe5 29. Nxe5 Qb5 30. Nc6 Nxe2+ 31. Kh1 Nxc1 32. Rxc1 Rbc8 33. Ne7+ Kf7 34. Nxc8 Rxc8 35. Rb1 Qc5 36. h4 Qc2 37. Qe1 b2 38. Kh2 Ba2 39. Qe5 Qc5 0-1


[Site "https://www.chess.com"]

[Event "Titled Tuesday Blitz July 18 Late 2023"]
[White "Bortnyk, Olexandr"]
[Black "Matlakov, Maxim"]
[WhiteFideId "14120828"]
[BlackFideId "4168003"]
[WhiteElo "3037"]
[BlackElo "2982"]
[Result "1-0"]
[Round "11"]
[TimeControl "180+2"]
[Date "2023.07.18"]
[WhiteClock "0:00:05"]
[BlackClock "0:00:00"]
[Board "3"]

1. d4 Nf6 2. Nc3 d5 3. Bf4 c5 4. e4 cxd4 5. Qxd4 Nc6 6. Bb5 Bd7 7. Bxc6 Bxc6 8. e5 Nd7 9. e6 fxe6 10. Nf3 Qb6 11. Qd2 g6 12. O-O-O Bg7 13. Rhe1 O-O 14. Bh6 Rf6 15. Bg5 Rf5 16. Rxe6 d4 17. Ne4 d3 18. c3 Qa5 19. Qxd3 Rd5 20. Qc2 Qxa2 21. Rxd5 Qxd5 22. Rxe7 Rf8 23. Qd2 Qxd2+ 24. Nfxd2 Ne5 25. f3 Rf7 26. Rxf7 Kxf7 27. Be3 a6 28. Kc2 h6 29. Bd4 g5 30. Bxe5 Bxe5 31. h3 Kg6 32. Kd3 h5 33. b3 Kf5 34. Nc4 Bc7 35. Ne3+ Kg6 36. c4 a5 37. Nd5 Bd8 38. g4 b5 39. Nc5 Kf7 40. Ne4 Ke6 41. gxh5 a4 42. Ndc3 axb3 43. cxb5 Be8 44. h6 Bg6 45. Kc4 Kf5 46. Kxb3 Kf4 47. Nc5 Kxf3 48. Kc4 Kg3 49. Ne6 Bf6 50. Nd5 Be5 51. b6 Kxh3 52. b7 g4 53. Nec7 Bf7 54. b8=Q g3 55. Qc8+ Kh2 56. Qf5 g2 57. Qxe5+ 1-0


[Site "https://www.chess.com"]

[Event "Titled Tuesday Blitz July 18 Late 2023"]
[White "Martinez Alcantara, Jose Eduardo"]
[Black "Oparin, Grigoriy"]
[WhiteFideId "3805662"]
[BlackFideId "24125890"]
[WhiteElo "3064"]
[BlackElo "2992"]
[Result "1-0"]
[Round "11"]
[TimeControl "180+2"]
[Date "2023.07.18"]
[WhiteClock "0:01:39"]
[BlackClock "0:00:20"]
[Board "4"]

1. e4 c5 2. Nf3 e6 3. c3 d5 4. e5 d4 5. g3 Nc6 6. Bg2 Nge7 7. O-O Ng6 8. Re1 Bd7 9. d3 Qc7 10. Na3 a6 11. cxd4 cxd4 12. Qe2 Bb4 13. Bd2 Bxd2 14. Qxd2 Ncxe5 15. Nxe5 Nxe5 16. Qf4 f6 17. Nc4 O-O 18. Rac1 Qd8 19. Nxe5 fxe5 20. Qxe5 Bb5 21. Bxb7 Rb8 22. Be4 Rf6 23. b3 Be8 24. Rc4 Bb5 25. Rxd4 Qf8 26. a4 Be8 27. Qxb8 1-0


[Site "https://www.chess.com"]

[Event "Titled Tuesday Blitz July 18 Late 2023"]
[White "Paravyan, David"]
[Black "Anton Guijarro, David"]
[WhiteFideId "4194985"]
[BlackFideId "2285525"]
[WhiteElo "3029"]
[BlackElo "2935"]
[Result "1-0"]
[Round "11"]
[TimeControl "180+2"]
[Date "2023.07.18"]
[WhiteClock "0:01:03"]
[BlackClock "0:00:33"]
[Board "5"]

1. e4 c6 2. d4 a6 3. Be2 d5 4. e5 c5 5. Nf3 Nc6 6. dxc5 Bg4 7. Be3 Bxf3 8. Bxf3 e6 9. c4 Nge7 10. cxd5 Nxd5 11. Bxd5 exd5 12. O-O d4 13. Bf4 Bxc5 14. Nd2 O-O 15. Ne4 Qd5 16. Qf3 Rad8 17. Rfe1 Be7 18. Qg3 Kh8 19. h4 Rfe8 20. h5 h6 21. Rad1 Bb4 22. Bxh6 gxh6 23. Qf4 Qe6 24. Nf6 Kg7 25. Re2 Rh8 26. Rd3 Be7 27. Rg3+ Kf8 28. Qxh6+ Rxh6 29. Rg8# 1-0


[Site "https://www.chess.com"]

[Event "Titled Tuesday Blitz July 18 Late 2023"]
[White "Andreikin, Dmitry"]
[Black "Alex_Sahakyan2006"]
[WhiteFideId "4158814"]
[WhiteElo "3006"]
[BlackElo "2713"]
[Result "1-0"]
[Round "11"]
[TimeControl "180+2"]
[Date "2023.07.18"]
[WhiteClock "0:00:30"]
[BlackClock "0:00:00"]
[Board "6"]

1. d4 Nf6 2. c4 e6 3. Nf3 d5 4. Nc3 Nbd7 5. Bf4 dxc4 6. e3 Bd6 7. Bg5 Nb6 8. Bxc4 Nxc4 9. Qa4+ Qd7 10. Qxc4 Nd5 11. O-O O-O 12. e4 Nxc3 13. Qxc3 h6 14. e5 hxg5 15. exd6 g4 16. Ne5 Qxd6 17. Nxg4 b6 18. Rfe1 Bb7 19. Re5 f6 20. Rh5 Qf4 21. Qh3 Be4 22. Ne3 f5 23. Rc1 Rad8 24. Rh4 Qd6 25. Rh7 Qxd4 26. Qh5 g5 27. Qg6+ 1-0


[Site "https://www.chess.com"]

[Event "Titled Tuesday Blitz July 18 Late 2023"]
[White "Bluebaum, Matthias"]
[Black "Terry, Renato"]
[WhiteFideId "24651516"]
[BlackFideId "3803457"]
[WhiteElo "3009"]
[BlackElo "2978"]
[Result "1-0"]
[Round "11"]
[TimeControl "180+2"]
[Date "2023.07.18"]
[WhiteClock "0:00:14"]
[BlackClock "0:00:00"]
[Board "7"]

1. d4 d5 2. c4 dxc4 3. e4 e5 4. Nf3 exd4 5. Bxc4 Nc6 6. O-O Be6 7. Nbd2 Nf6 8. Qb3 Qd7 9. Bxe6 fxe6 10. Qxb7 Rb8 11. Qa6 Bd6 12. a3 O-O 13. Qd3 e5 14. b4 Ne7 15. Nc4 Ng6 16. Bg5 Nh5 17. Qd1 Qg4 18. h3 Qe6 19. Nxd6 cxd6 20. Nxd4 exd4 21. Qxh5 Qxe4 22. Rae1 Qd5 23. Qg4 Rf5 24. Bd2 Rbf8 25. Qe4 Qa2 26. Rd1 Nf4 27. Qe7 Qxa3 28. Bxf4 Rxf4 29. Qe6+ Kh8 30. Qxd6 a5 31. Rxd4 R4f6 32. Qc5 Rf5 33. Qxf5 Rg8 34. Qxa5 Qc3 35. Qe5 Qb2 36. Re4 Qd2 37. Rg4 Qd7 38. Re1 h6 39. Qe6 Qc7 40. Rg6 Kh7 41. Qf5 Kh8 42. Qe5 Qc2 43. Rxh6+ 1-0


[Site "https://www.chess.com"]

[Event "Titled Tuesday Blitz July 18 Late 2023"]
[White "Naroditsky, Daniel"]
[Black "Antipov, Mikhail Al."]
[WhiteFideId "2026961"]
[BlackFideId "4107012"]
[WhiteElo "3127"]
[BlackElo "2938"]
[Result "0-1"]
[Round "11"]
[TimeControl "180+2"]
[Date "2023.07.18"]
[WhiteClock "0:00:12"]
[BlackClock "0:00:10"]
[Board "8"]

1. e4 c5 2. c3 e5 3. Nf3 Nc6 4. Bc4 Nf6 5. Ng5 Nxe4 6. Bxf7+ Ke7 7. d4 d5 8. dxe5 h6 9. Nxe4 Kxf7 10. Nd6+ Bxd6 11. Qxd5+ Be6 12. Qxd6 Qb6 13. Qd1 Qa6 14. Qe2 Bc4 15. Qh5+ Kg8 16. Be3 Bf7 17. Qe2 Bc4 18. Qh5 Bf7 19. Qf5 Re8 20. f4 Ne7 21. Qd7 Nd5 22. Kf2 Qd3 23. Re1 Nxf4 24. Qg4 Be6 25. Qd1 Nh3+ 26. Kg3 Qg6+ 27. Kh4 Qxg2 28. Nd2 g5+ 29. Kh5 Bf7# 0-1


[Site "https://www.chess.com"]

[Event "Titled Tuesday Blitz July 18 Late 2023"]
[White "Zhigalko, Sergei"]
[Black "Duda, Jan-Krzysztof"]
[WhiteFideId "13502956"]
[BlackFideId "1170546"]
[WhiteElo "2890"]
[BlackElo "3011"]
[Result "1-0"]
[Round "11"]
[TimeControl "180+2"]
[Date "2023.07.18"]
[WhiteClock "0:00:04"]
[BlackClock "0:00:00"]
[Board "9"]

1. e4 e6 2. d4 d5 3. e5 c5 4. c3 Bd7 5. Nf3 a6 6. Be2 cxd4 7. cxd4 Bb5 8. Bxb5+ axb5 9. O-O Nc6 10. Nc3 b4 11. Ne2 Nge7 12. Ng3 Qb6 13. Be3 h5 14. h4 g6 15. Qd2 Nc8 16. Rfc1 Be7 17. Bg5 Bxg5 18. Qxg5 Nxd4 19. Nxd4 Qxd4 20. Rc7 Qg4 21. Qf6 O-O 22. Rac1 Nb6 23. b3 d4 24. Rxb7 Nd5 25. Qg5 Rfc8 26. Re1 Rxa2 27. Ne4 Qxg5 28. hxg5 d3 29. Rd1 Nc3 30. Nf6+ Kg7 31. Rxd3 Re2 32. Rdd7 Rf8 33. Ne8+ Kg8 34. Nf6+ Kg7 35. f4 Re3 36. Ne8+ Kg8 37. Kf2 1-0


[Site "https://www.chess.com"]

[Event "Titled Tuesday Blitz July 18 Late 2023"]
[White "Yoo, Christopher Woojin"]
[Black "Moskalenko, Alexander"]
[WhiteFideId "30909694"]
[BlackFideId "4155351"]
[WhiteElo "2976"]
[BlackElo "2885"]
[Result "0-1"]
[Round "11"]
[TimeControl "180+2"]
[Date "2023.07.18"]
[WhiteClock "0:00:00"]
[BlackClock "0:00:32"]
[Board "10"]

1. Nf3 Nf6 2. g3 g6 3. Bg2 Bg7 4. O-O O-O 5. b3 d6 6. d4 e5 7. dxe5 dxe5 8. Bb2 e4 9. Qxd8 Rxd8 10. Nfd2 Bf5 11. Bxf6 Bxf6 12. c3 Re8 13. h3 h5 14. g4 hxg4 15. hxg4 Bxg4 16. Nxe4 Bg7 17. Na3 Nc6 18. Nb5 Re7 19. f3 Bf5 20. Ng3 a6 21. Na3 Bxc3 22. Nxf5 gxf5 23. Rad1 Bd4+ 24. Kh2 Rxe2 25. f4 Kg7 26. Kg3 Bc5 27. Bxc6 bxc6 28. Nc4 Rxa2 29. Ne5 Bd6 30. Nc4 Rd8 31. Rh1 Rc2 32. Rhg1 Kf6 33. Rh1 Rc3+ 34. Kf2 Bc5+ 35. Ke2 Rxd1 36. Rxd1 Rxb3 37. Rd7 Bb6 38. Ne5 Ke6 39. Rxf7 a5 40. Rh7 a4 41. Nxc6 a3 42. Rh6+ Kd5 43. Ne7+ Kc4 44. Rc6+ Kb5 45. Rc1 a2 46. Ra1 Ra3 47. Nxf5 Kc4 48. Kd2 Kb3 0-1


[Site "https://www.chess.com"]

[Event "Titled Tuesday Blitz July 18 Late 2023"]
[White "Philippe, Guillaume"]
[Black "Svane, Rasmus"]
[WhiteFideId "36048763"]
[BlackFideId "4657101"]
[WhiteElo "2571"]
[BlackElo "2957"]
[Result "0-1"]
[Round "11"]
[TimeControl "180+2"]
[Date "2023.07.18"]
[WhiteClock "0:00:00"]
[BlackClock "0:00:17"]
[Board "11"]

1. e4 c6 2. Nf3 d5 3. exd5 cxd5 4. d4 Nc6 5. Bd3 Bg4 6. c3 e6 7. Bf4 Bd6 8. Bxd6 Qxd6 9. O-O Nf6 10. Nbd2 O-O 11. h3 Bf5 12. Bxf5 exf5 13. Re1 Ne4 14. Qc2 Rfe8 15. Re2 Re7 16. Rae1 Rae8 17. Nb3 g6 18. Nc1 Kg7 19. Nd3 h6 20. Nde5 f6 21. Nxc6 bxc6 22. Nd2 g5 23. f3 Ng3 24. Rxe7+ Rxe7 25. Qb1 Ne2+ 26. Kf1 Qh2 27. Rxe2 Qh1+ 28. Kf2 Rxe2+ 29. Kxe2 Qxg2+ 30. Kd3 Qxh3 31. Qe1 Kf7 32. Kc2 h5 33. Qf1 Qg3 34. Qa6 Qc7 35. a4 h4 36. Qd3 Kg6 37. Nf1 Qf4 38. Qe2 Kf7 39. b4 h3 40. b5 cxb5 41. Qxb5 Qxf3 42. Qd7+ Kg6 43. Qe8+ Kg7 44. Qe7+ Kh6 45. Qxf6+ Kh5 46. Qh8+ Kg6 47. Qe8+ Kg7 48. Qe7+ Kh6 49. Qf8+ Kg6 50. Qg8+ Kf6 51. Qf8+ Ke6 52. Qe8+ Kd6 53. Qd8+ Kc6 54. Qc8+ Kd6 55. Qd8+ Ke6 56. Qe8+ Kf6 57. Qf8+ Kg6 58. Qg8+ Kh6 59. Qh8+ Kg6 60. Qe8+ Kg7 61. Qe7+ Kh6 62. Qf6+ Kh5 63. Qf7+ Kh4 64. Qh7+ Qh5 65. Qxf5 Qe2+ 66. Nd2 h2 67. Qh7+ Kg3 68. Qc7+ Kg2 69. Qg7 Qg4 0-1


[Site "https://www.chess.com"]

[Event "Titled Tuesday Blitz July 18 Late 2023"]
[White "Nihal Sarin"]
[Black "Fantastic_Power"]
[WhiteFideId "25092340"]
[WhiteElo "3045"]
[BlackElo "2756"]
[Result "1-0"]
[Round "11"]
[TimeControl "180+2"]
[Date "2023.07.18"]
[WhiteClock "0:03:04"]
[BlackClock "0:01:04"]
[Board "12"]

1. a3 e5 2. c4 Nf6 3. d3 c6 4. Nf3 Be7 5. g3 O-O 6. Bg2 Re8 7. O-O Bf8 8. b4 d5 9. Bb2 Bd6 10. Nbd2 Bg4 11. Rc1 Nbd7 12. h3 Bh5 13. cxd5 cxd5 14. g4 Bg6 15. Nh4 Qe7 16. Nxg6 hxg6 17. Qb3 Nb6 18. e3 Rac8 19. Rfd1 Qe6 20. Nf3 Nfd7 21. a4 e4 22. Nd4 Qe7 23. a5 Na8 24. Rxc8 Rxc8 25. Qxd5 Bxb4 26. Qxb7 Rb8 27. Qxe4 Qxe4 28. Bxe4 Bxa5 29. Ba3 Rc8 30. Nc6 Bd8 31. Nxa7 Rc3 32. Nb5 1-0


[Site "https://www.chess.com"]

[Event "Titled Tuesday Blitz July 18 Late 2023"]
[White "Makarian, Rudik"]
[Black "Stoyanov, Tsvetan"]
[WhiteFideId "44105681"]
[BlackFideId "2917173"]
[WhiteElo "2986"]
[BlackElo "2732"]
[Result "0-1"]
[Round "11"]
[TimeControl "180+2"]
[Date "2023.07.18"]
[WhiteClock "0:00:02"]
[BlackClock "0:00:03"]
[Board "13"]

1. d4 d5 2. c4 e5 3. Nf3 exd4 4. cxd5 Qxd5 5. Nc3 Bb4 6. Qxd4 Qxd4 7. Nxd4 c6 8. g3 Nf6 9. Bg2 O-O 10. O-O Nbd7 11. Rd1 Nb6 12. Bg5 Nc4 13. Bxf6 gxf6 14. Rab1 Nxb2 15. Ne4 Nxd1 16. Rxb4 Rd8 17. e3 f5 18. Nc5 Nc3 19. Rc4 Nb5 20. Bf3 Nxd4 21. exd4 Be6 22. Rb4 Bd5 23. Bxd5 Rxd5 24. Rxb7 Rxd4 25. Rc7 Rc4 26. Nd7 Rc1+ 27. Kg2 Rc2 28. a4 a5 29. Ne5 Rf8 30. Ra7 f6 31. Nf3 Rc5 32. Nd4 Re8 33. Ra6 Re4 34. Nb3 Rc3 35. Nxa5 Rxa4 36. Rxc6 Rxc6 37. Nxc6 Kf7 38. Kf3 Rc4 39. Na5 Rc5 40. Nb7 Rd5 41. g4 fxg4+ 42. Kxg4 Ke6 43. Kf4 Kd7 44. Ke4 Kc6 45. f4 f5+ 0-1


[Site "https://www.chess.com"]

[Event "Titled Tuesday Blitz July 18 Late 2023"]
[White "He, Anthony"]
[Black "Pinheiro, Iung Alicio de O."]
[WhiteFideId "2088215"]
[BlackFideId "2104350"]
[WhiteElo "2970"]
[BlackElo "2615"]
[Result "1-0"]
[Round "11"]
[TimeControl "180+2"]
[Date "2023.07.18"]
[WhiteClock "0:00:59"]
[BlackClock "0:00:00"]
[Board "15"]

1. d4 Nf6 2. Nc3 d5 3. Bf4 g6 4. e3 Bg7 5. h4 h5 6. Nb5 Na6 7. Nf3 O-O 8. Ne5 c6 9. Nc3 c5 10. Nb5 cxd4 11. exd4 Nb4 12. c3 Nc6 13. Bd3 Ng4 14. Nf3 a6 15. Na3 e5 16. dxe5 Ncxe5 17. Nxe5 Nxe5 18. Be2 Re8 19. Bg3 Qb6 20. Qd2 Bf5 21. O-O Rad8 22. Rad1 Nc4 23. Nxc4 dxc4 24. Qe1 Bd3 25. Rd2 Qe6 26. Qd1 Bh6 27. Rxd3 cxd3 28. Bxd3 Qd5 29. Bc2 Qxa2 30. Qf3 Qxb2 31. Be4 Bg7 32. Bd5 Rd7 33. c4 Qf6 34. Qb3 b5 35. cxb5 axb5 36. Qxb5 Red8 37. Bf3 Qe6 38. Bf4 Bf6 39. g3 Rd4 40. Bc7 Rc8 41. Ba5 Rdc4 42. Bd5 Qg4 43. Qb7 1-0


[Site "https://www.chess.com"]

[Event "Titled Tuesday Blitz July 18 Late 2023"]
[White "Pranav, V"]
[Black "Altman, Joshua"]
[WhiteFideId "25060783"]
[BlackFideId "426210"]
[WhiteElo "2955"]
[BlackElo "2577"]
[Result "1-0"]
[Round "11"]
[TimeControl "180+2"]
[Date "2023.07.18"]
[WhiteClock "0:01:11"]
[BlackClock "0:00:17"]
[Board "16"]

1. e4 e6 2. d4 d5 3. Nc3 Nf6 4. Bg5 dxe4 5. Nxe4 Nbd7 6. Nf3 Be7 7. Ng3 h6 8. Bxf6 Nxf6 9. c3 O-O 10. Bd3 b6 11. O-O Bb7 12. Re1 c5 13. Ne4 Nd5 14. Bf1 Qc7 15. Qa4 a6 16. dxc5 bxc5 17. Rad1 Rad8 18. Ned2 Nf4 19. g3 Nd3 20. Bxd3 Rxd3 21. Ne5 Rd5 22. Ndc4 Rfd8 23. Rxd5 Bxd5 24. Na5 Bf6 25. Ng4 Be7 26. Ne3 Bf3 27. Nac4 Qb7 28. Qb3 Qe4 29. Ng2 Qd5 30. Nf4 Qf5 31. Ne5 Bd6 32. Nxf3 g5 33. Nxe6 Rb8 34. Qd1 Rxb2 35. Qxd6 Qxf3 36. Qf8+ Kh7 37. Qg7# 1-0


[Site "https://www.chess.com"]

[Event "Titled Tuesday Blitz July 18 Late 2023"]
[White "Nguyen, Ngoc Truong Son"]
[Black "Marosi, Levente"]
[WhiteFideId "12401110"]
[BlackFideId "747181"]
[WhiteElo "2871"]
[BlackElo "2574"]
[Result "1-0"]
[Round "11"]
[TimeControl "180+2"]
[Date "2023.07.18"]
[WhiteClock "0:00:34"]
[BlackClock "0:00:00"]
[Board "17"]

1. e4 c6 2. d4 d5 3. f3 e6 4. c4 Bb4+ 5. Nc3 Nf6 6. e5 Nfd7 7. cxd5 exd5 8. f4 c5 9. Nf3 Nc6 10. a3 Ba5 11. b4 cxb4 12. axb4 Bxb4 13. Bd2 O-O 14. Bd3 f6 15. O-O fxe5 16. dxe5 Bxc3 17. Bxc3 Rxf4 18. Bd2 Rxf3 19. Qxf3 Ndxe5 20. Qg3 Nxd3 21. Qxd3 Be6 22. Rae1 Qd7 23. h3 Re8 24. Re3 d4 25. Rg3 Ne5 26. Qe4 Ng6 27. Qb1 Bc4 28. Re1 Rxe1+ 29. Qxe1 b6 30. Rg4 b5 31. Qf2 d3 32. Rd4 Qe7 33. h4 h6 34. h5 Nf8 35. Rg4 Kh8 36. Bc3 Ne6 37. Qe3 Kg8 38. Qxh6 Qf7 39. Qe3 Qf5 40. Re4 1-0


[Site "https://www.chess.com"]

[Event "Titled Tuesday Blitz July 18 Late 2023"]
[White "ArtemDyachuk"]
[Black "Gadimbayli, Abdulla"]
[BlackFideId "13404938"]
[WhiteElo "2563"]
[BlackElo "2849"]
[Result "1-0"]
[Round "11"]
[TimeControl "180+2"]
[Date "2023.07.18"]
[WhiteClock "0:00:03"]
[BlackClock "0:00:09"]
[Board "18"]

1. e4 e5 2. Nf3 d5 3. Nxe5 Bd6 4. d4 dxe4 5. Nc4 Bf8 6. Nc3 Nf6 7. Bf4 Bb4 8. Ne3 O-O 9. Bc4 Nc6 10. d5 Na5 11. Be2 Qe7 12. O-O Rd8 13. Nb5 c6 14. d6 Qd7 15. a3 cxb5 16. axb4 Nc6 17. Bxb5 a6 18. Ba4 b5 19. Bxb5 Bb7 20. Ba4 Qe6 21. Bb3 Qd7 22. c3 a5 23. b5 Na7 24. c4 Rac8 25. Qd4 Nh5 26. Bg5 f6 27. Qxa7 fxg5 28. Rxa5 Kh8 29. c5 Nf4 30. c6 Qxd6 31. cxb7 Rb8 32. Ra6 Qb4 33. Rc6 Qxb3 34. Qxb8 Rxb8 35. Rc8+ Qg8 36. Rxg8+ Kxg8 37. g3 Nd3 38. Ra1 Rxb7 39. Nc4 h5 40. Ra8+ Kh7 41. b6 Kg6 42. Ra7 Nc5 43. b4 Rb8 44. bxc5 h4 45. c6 h3 46. c7 Rf8 47. Kf1 e3 48. Nxe3 Rf6 49. Ke2 Rxb6 50. c8=Q Rb2+ 51. Kf3 Kh5 52. Qg4+ Kg6 53. Qf5+ Kh6 54. Ra6+ Kh5 55. Qg6# 1-0


[Site "https://www.chess.com"]

[Event "Titled Tuesday Blitz July 18 Late 2023"]
[White "Meshkovs, Nikita"]
[Black "Glavina, Pablo"]
[WhiteFideId "11602740"]
[BlackFideId "100234"]
[WhiteElo "2772"]
[BlackElo "2498"]
[Result "1-0"]
[Round "11"]
[TimeControl "180+2"]
[Date "2023.07.18"]
[WhiteClock "0:01:30"]
[BlackClock "0:01:29"]
[Board "19"]

1. a4 d5 2. g3 e5 3. Bg2 Nf6 4. d3 Bc5 5. c3 O-O 6. b4 Bd6 7. Nd2 a5 8. b5 b6 9. Nc4 Bb7 10. Nxd6 Qxd6 11. Ba3 c5 12. bxc6 Qxc6 13. Bxf8 Qxc3+ 14. Kf1 Kxf8 15. Rc1 Qb4 16. Rc7 Bc6 17. Nf3 Qd6 18. Rc8+ Ke7 19. d4 Qd7 20. Rh8 Bxa4 21. Qa1 e4 22. Qa3+ Ke6 23. Bh3+ 1-0


[Site "https://www.chess.com"]

[Event "Titled Tuesday Blitz July 18 Late 2023"]
[White "Bartel, Mateusz"]
[Black "Chor, Kevin"]
[WhiteFideId "1112635"]
[BlackFideId "2090740"]
[WhiteElo "2835"]
[BlackElo "2542"]
[Result "1-0"]
[Round "11"]
[TimeControl "180+2"]
[Date "2023.07.18"]
[WhiteClock "0:00:15"]
[BlackClock "0:00:00"]
[Board "20"]

1. Nf3 c5 2. b3 Nc6 3. Bb2 e6 4. g3 Nf6 5. Bg2 Be7 6. O-O O-O 7. d4 b6 8. c4 cxd4 9. Nxd4 Bb7 10. Nxc6 Bxc6 11. Bxc6 dxc6 12. Nc3 Qc7 13. Qc2 Rfd8 14. Rad1 h6 15. Ne4 Nxe4 16. Qxe4 c5 17. Be5 Qc8 18. Qg4 f6 19. Bc3 Qc6 20. f3 Rxd1 21. Rxd1 Rd8 22. Rxd8+ Bxd8 23. Kf1 Kf8 24. Qg6 Qd6 25. Ke1 a6 26. Qe4 b5 27. Qb7 bxc4 28. bxc4 h5 29. a4 h4 30. Kf2 Bc7 31. f4 g5 32. Bxf6 hxg3+ 33. hxg3 gxf4 34. g4 Kf7 35. g5 f3 36. Qxf3 Qh2+ 37. Ke3 Qg1+ 38. Kd2 Kg8 39. Qe4 1-0


[Site "https://www.chess.com"]

[Event "Titled Tuesday Blitz July 18 Late 2023"]
[White "Mendez Fortes, Eduardo Jesus"]
[Black "Tristan, Leonardo"]
[WhiteFideId "3502376"]
[BlackFideId "113816"]
[WhiteElo "2643"]
[BlackElo "2790"]
[Result "1-0"]
[Round "11"]
[TimeControl "180+2"]
[Date "2023.07.18"]
[WhiteClock "0:00:23"]
[BlackClock "0:00:06"]
[Board "21"]

1. e4 d5 2. exd5 Qxd5 3. Nc3 Qa5 4. d4 Nf6 5. Bc4 Bg4 6. Nf3 Nc6 7. h3 Bh5 8. g4 Bg6 9. Qe2 O-O-O 10. Be3 e5 11. Nxe5 Nxe5 12. dxe5 Ne4 13. O-O Nxc3 14. bxc3 Qxc3 15. Rfd1 Ba3 16. e6 fxe6 17. Bxe6+ Kb8 18. Bb3 Rde8 19. Qf3 Bc5 20. Re1 Rhf8 21. Qg3 Bxe3 22. fxe3 Be4 23. Rf1 Bf3 24. Rae1 Rxe3 25. Rxe3 Qxe3+ 26. Qf2 Qe5 27. c4 b6 28. Bd1 Qc3 29. Bxf3 Qxc4 30. Qe3 a5 31. Re1 Qxa2 32. Qe8+ Ka7 33. Qxf8 Qd2 34. Qa8# 1-0


[Site "https://www.chess.com"]

[Event "Titled Tuesday Blitz July 18 Late 2023"]
[White "Zelbel, Patrick"]
[Black "Karaoglan, Doruk"]
[WhiteFideId "24624322"]
[BlackFideId "6390927"]
[WhiteElo "2778"]
[BlackElo "2625"]
[Result "1-0"]
[Round "11"]
[TimeControl "180+2"]
[Date "2023.07.18"]
[WhiteClock "0:00:23"]
[BlackClock "0:00:03"]
[Board "22"]

1. e4 c5 2. b4 cxb4 3. a3 bxa3 4. d4 g6 5. Nf3 Bg7 6. Rxa3 d6 7. Bb5+ Bd7 8. Bd3 Nf6 9. O-O O-O 10. Re1 Bg4 11. Nbd2 Nc6 12. h3 Bxf3 13. Nxf3 Nd7 14. c3 e5 15. Be3 exd4 16. cxd4 Re8 17. Qb1 Nb6 18. Rc1 d5 19. e5 f6 20. exf6 Bxf6 21. Bxg6 hxg6 22. Qxg6+ Bg7 23. Ng5 Qf6 24. Qh7+ Kf8 25. Qh5 Kg8 26. Qh7+ Kf8 27. Qh5 Kg8 28. Rxc6 bxc6 29. Qh7+ Kf8 30. Qh5 Kg8 31. Qh7+ Kf8 32. Bd2 Re7 33. Rf3 Qxf3 34. Nxf3 Ke8 35. Bb4 1-0


[Site "https://www.chess.com"]

[Event "Titled Tuesday Blitz July 18 Late 2023"]
[White "Vovk, Orest"]
[Black "Matinian, Nikita"]
[WhiteFideId "14113490"]
[BlackFideId "24129100"]
[WhiteElo "2601"]
[BlackElo "2742"]
[Result "0-1"]
[Round "11"]
[TimeControl "180+2"]
[Date "2023.07.18"]
[WhiteClock "0:00:00"]
[BlackClock "0:00:10"]
[Board "23"]

1. g4 d5 2. h3 h5 3. g5 e5 4. Bg2 Qxg5 5. Bxd5 Nf6 6. Nf3 Qf5 7. e4 Qd7 8. Nxe5 Qe7 9. Bxf7+ Kd8 10. d4 Nc6 11. Bg5 Qb4+ 12. c3 Qxb2 13. Nxc6+ bxc6 14. e5 Be7 15. Nd2 Nd5 16. Bxe7+ Nxe7 17. Qc1 Qb5 18. Bc4 Qa5 19. Nb3 Qa4 20. Bf7 Rf8 21. e6 Rb8 22. Qg5 Qc4 23. Rc1 Bxe6 24. Bxe6 Qxe6+ 25. Qe3 Qd6 26. Nc5 Re8 27. O-O Nd5 28. Qg5+ Qf6 29. Qxf6+ gxf6 30. c4 Nf4 31. Kh2 Rb2 32. Rce1 Ree2 33. Rxe2 Rxe2 34. Kg3 Ng6 35. Kf3 Rxa2 36. Ne6+ Kd7 37. Nf4 Nxf4 38. Kxf4 Rc2 39. c5 Rc4 40. Ke4 f5+ 41. Ke5 Rc3 42. Rg1 Rxh3 43. Rg7+ Kc8 44. f4 Kb7 45. Kxf5 a5 46. Rg1 Ka6 47. Ra1 Rd3 48. Ke4 Rd2 49. f5 h4 50. Rh1 a4 51. Rxh4 Kb5 52. Rh8 Re2+ 53. Kf3 Re1 54. Kf2 Re4 55. Kf3 Rxd4 56. f6 Rd7 57. Rf8 Kxc5 58. f7 Kc4 59. Ke4 c5 60. Ke5 a3 61. Ke6 Rd6+ 62. Ke7 Ra6 63. Rd8 a2 64. Rd1 Ra8 65. f8=Q Rxf8 66. Kxf8 Kb3 67. Rf1 c4 68. Ke7 c3 69. Kd7 Kb2 70. Kxc7 a1=Q 0-1


[Site "https://www.chess.com"]

[Event "Titled Tuesday Blitz July 18 Late 2023"]
[White "Jimenez Almeida, Luis David"]
[Black "Nasuta, Grzegorz"]
[WhiteFideId "22242244"]
[BlackFideId "1141686"]
[WhiteElo "2598"]
[BlackElo "2735"]
[Result "1-0"]
[Round "11"]
[TimeControl "180+2"]
[Date "2023.07.18"]
[WhiteClock "0:00:34"]
[BlackClock "0:00:02"]
[Board "24"]

1. e4 c5 2. Nc3 a6 3. Nge2 d6 4. d4 cxd4 5. Nxd4 e6 6. g3 b5 7. Bg2 Bb7 8. O-O b4 9. Na4 Nf6 10. Re1 Qc7 11. c3 bxc3 12. Nxc3 Be7 13. Bg5 O-O 14. Rc1 Qd7 15. Na4 Ra7 16. b3 Nc6 17. Nb6 Qc7 18. Nxc6 Bxc6 19. e5 Qxb6 20. Rxc6 Qb5 21. exf6 gxf6 22. Bh6 Qf5 23. Bxf8 Bxf8 24. Qc2 Qxc2 25. Rxc2 d5 26. f4 f5 27. Rec1 Kg7 28. Rc7 Ra8 29. Rc8 Rxc8 30. Rxc8 Bb4 31. Bf1 a5 32. Kf2 Kf6 33. Kf3 Ke7 34. Rh8 Bc3 35. Rxh7 Kf8 36. Bd3 Kg8 37. Rh5 Kg7 38. g4 fxg4+ 39. Kxg4 f5+ 40. Kf3 Bf6 41. Rh3 Kf7 42. Rg3 Be7 43. Rg1 Bd6 44. Rc1 Ke7 45. h4 Bb4 46. h5 Kf7 47. Rh1 e5 48. fxe5 1-0


[Site "https://www.chess.com"]

[Event "Titled Tuesday Blitz July 18 Late 2023"]
[White "Haydon, David L"]
[Black "Hajiyev, Kanan"]
[WhiteFideId "415405"]
[BlackFideId "13404148"]
[WhiteElo "2706"]
[BlackElo "2586"]
[Result "1/2-1/2"]
[Round "11"]
[TimeControl "180+2"]
[Date "2023.07.18"]
[WhiteClock "0:00:28"]
[BlackClock "0:00:07"]
[Board "25"]

1. d4 d5 2. Nf3 Nf6 3. Bf4 c5 4. e3 cxd4 5. exd4 Nc6 6. c3 Bg4 7. Be2 e6 8. Nbd2 Bd6 9. Bg3 O-O 10. O-O Bxg3 11. hxg3 Rb8 12. a4 Qc7 13. Ne5 Bxe2 14. Qxe2 Nxe5 15. dxe5 Nd7 16. f4 Qb6+ 17. Kh2 Qxb2 18. Qd3 Rfc8 19. Rac1 Nc5 20. Qe3 Nxa4 21. c4 d4 22. Qd3 b5 23. Rc2 Nc5 24. Rxb2 Nxd3 25. Rxb5 Rxb5 26. cxb5 h5 27. Nf3 Rc4 28. Rd1 Nf2 29. Rxd4 Rc1 30. g4 Nxg4+ 31. Kg3 f6 32. exf6 gxf6 33. Rd8+ Kf7 34. Rd7+ Ke8 35. Rxa7 Rb1 36. Rb7 Rb2 37. Nd4 e5 38. fxe5 fxe5 39. Nf5 Rb3+ 40. Kh4 Ne3 41. Nd6+ Kd8 42. Kg5 Nxg2 43. Kf6 h4 44. b6 h3 45. Nf7+ Kc8 46. Nd6+ Kd8 47. Ke6 Nf4+ 48. Kxe5 h2 49. Rh7 Nh3 50. Nf7+ Kc8 51. Nd6+ Kd8 52. Nb7+ Ke8 53. Nd6+ Kf8 54. Kf6 Rf3+ 55. Nf5 Rxf5+ 56. Kxf5 h1=Q 57. b7 Qb1+ 58. Kg4 Nf2+ 59. Kf3 Qf5+ 60. Kg2 Qxh7 61. b8=Q+ Kg7 62. Kxf2 Kh6 63. Qf4+ Kg6 64. Qg4+ Kf6 65. Qd4+ Kg6 66. Qd6+ Kg7 67. Qe7+ Kg8 68. Qe8+ Kg7 69. Kg3 Qg6+ 70. Qxg6+ Kxg6 1/2-1/2


[Site "https://www.chess.com"]